 Dungeon Sprint DCSS version 0.27-a0-203-gd48b2df3c9 (webtiles) character file.

Game seed: 14477378773559949695

36455 mhtbhm the Ninja (level 13, -23/70 HPs)
             Began as a Spriggan Brigand on Jan 31, 2021.
             Was the Champion of Dithmenos.
             Annihilated by an Orb Guardian (24 damage)
             ... in the Dungeon (Sprint IV: "Fedhas' Mad Dash").
             The game lasted 00:10:08 (4382 turns).

mhtbhm the Ninja (Spriggan Brigand)                 Turns: 4382, Time: 00:10:09

Health: -23/70     AC: 12    Str:  7    XL:     13   Next: 53%
Magic:  32/32      EV: 24    Int: 12    God:    Dithmenos [******]
Gold:   259        SH:  0    Dex: 27    Spells: 12/12 levels left

rFire    . . .     SeeInvis +   a - +6 quick blade
rCold    . . .     Faith    .   (shield restricted)
rNeg     . . .     Spirit   .   b - +3 faerie dragon scales {+Inv rPois rCorr MP+9 Int-2}
rPois    +         Reflect  .   (helmet restricted)
rElec    .         Harm     .   q - +2 cloak
rCorr    +         Rampage  .   (gloves unavailable)
Will     ++...     NoTele   +   (boots unavailable)
Stlth    +++++++...             m - amulet of invisibility {+Inv}
HPRegen  0.21/turn              j - +6 ring of dexterity (curse)
MPRegen  0.23/turn              (no ring)

@: very slightly contaminated, wreathed by umbra, very quick
A: very small, unfitting armour, see invisible, speed 3
0: Orb of Zot
a: Renounce Religion, Evoke Invisibility, Shadow Step, Shadow Form


You were in the Dungeon.
You worshipped Dithmenos.
Dithmenos was exalted by your worship.
You visited 1 branch You collected 482 gold pieces.
You spent 223 gold pieces at shops.

Inventory:

Hand Weapons
 a - a +6 quick blade (weapon)
Missiles
 d - 8 poisoned darts
 e - 2 curare-tipped darts (quivered)
Armour
 b - the +3 faerie dragon scales (worn) {+Inv rPois rCorr MP+9 Int-2}
   (You took it off the Enchantress in the Dungeon)

   It affects your intelligence (-2).
   It protects you from poison.
   It affects your magic capacity (+9).
   It lets you turn invisible.
   It provides partial protection from all sources of acid and corrosion.
 c - a +0 cloak
 q - a +2 cloak (worn)
Jewellery
 j - a cursed +6 ring of dexterity (left hand)
 m - the amulet of invisibility (around neck) {+Inv}
   (You found it in the Dungeon)

   [amulet of nothing]

   It lets you turn invisible.
 s - the amulet of the Four Winds {rN+ Will+++ Clar}
   (You found it in the Dungeon)

   [amulet of nothing]

   It protects you from negative energy.
   It affects your willpower, your defense against some magical effects.
   It protects you against confusion.
 t - the amulet of Ril Buwn {Reflect Will+ Int+4 SH+5}
   (You found it in the Dungeon)

   [amulet of reflection]

   It shields you and reflects attacks.
   It affects your intelligence (+4).
   It affects your willpower, your defense against some magical effects.
   It affects your SH (+5).
Wands
 o - a wand of iceblast (8)
Scrolls
 n - a scroll of torment {unknown}
 p - a scroll of remove curse
Potions
 f - a potion of curing
 g - a potion of heal wounds
 h - a potion of haste
 i - 2 potions of magic
 l - a potion of brilliance {unknown}
Miscellaneous
 r - a phial of floods


   Skills:
 + Level 9.3 Fighting
 + Level 13.3 Short Blades
 + Level 6.3 Throwing
 + Level 1.0 Armour
 + Level 8.1 Dodging
 O Level 27 Stealth
 + Level 12.4 Invocations
 + Level 25.8 Evocations


You had 12 spell levels left.
You didn't know any spells.
Your spell library contained the following spells:

 Spells                   Type           Power        Failure   Level
 Confusing Touch          Hex            0%           88%         3
 Gell's Gravitas          Tloc           0%           88%         3
 Petrify                  Tmut/Erth      0%           99%         4
 Metabolic Englaciation   Hex/Ice        0%           100%        5
 Yara's Violent Unravell  Hex/Tmut       0%           100%        5


Dungeon Overview and Level Annotations

Branches:
Dungeon (1/1)

Altars:
Cheibriados
Dithmenos
Elyvilon
Gozag
Hepliaklqana
Kikubaaqudgha
Makhleb
Nemelex Xobeh
Okawaru
Qazlal
Ru
Sif Muna
Trog
Uskayaw
Vehumet
Wu Jian
Xom
Yredelemnul
Zin
The Shining One
Beogh
Jiyva
Lugonu

Shops:
D [=}**(}}*==*}?((*:[[*


Innate Abilities, Weirdness & Mutations

You are very small and have problems with some larger weapons.
You are too small for most types of armour.
You have supernaturally acute eyesight. (SInv)
You cover ground extremely quickly.


Message History

The Orb Guardian completely misses you.
You barely miss the Orb Guardian.
The Orb Guardian is lightly wounded.
You hit the Orb Guardian but do no damage.
The Orb Guardian is lightly wounded.
You closely miss the Orb Guardian.
The Orb Guardian is lightly wounded.
The Orb Guardian hits you!
You hit the Orb Guardian.
The Orb Guardian is lightly wounded.
You closely miss the Orb Guardian.
The Orb Guardian is lightly wounded.
The Orb Guardian misses you.
You closely miss the Orb Guardian.
The Orb Guardian is lightly wounded.
The Orb Guardian hits you!!
* * * LOW HITPOINT WARNING * * *
Okay, then.
The Orb Guardian hits you!!
You die...

...#####P....'.....[.### ...#
##################
...#####∩∩∩#............#########
...'....∩.∩'............'.......#
...#####∩∩∩#............#######.#
###############################.#
.)♣..♣.)♣..♣§§♣§§♣..♣.[♣..♣..♣..#
...8......).§§§X§.....)..)......#
.)♣..♣.)♣..♣§§♣§@♣..♣.)♣..♣..♣..#
#################################
##.....#####....######......####
..............................)♣#
......................#######...#
....).........................)♣#
###.....####....######...†..####
####### ###### ########


You could see an Orb Guardian.

Vanquished Creatures
  the Enchantress (D)
  Agnes (D)
  2 ghost moths (D)
  6 spriggan defenders (D)
  5 spriggan berserkers (D)
  4 spriggan druids (D)
  3 moths of wrath (D)
  25 oklob plants (D)
  4 demonic crawlers (D)
  3 wandering mushrooms (D)
  10 hornets (D)
  2 queen bees (D)
  3 burning bushes (D)
  4 killer bees (D)
  2 scorpions (D)
  5 oklob saplings (D)
  2 worker ants (D)
  11 spriggans (D)
  A river rat (D)
  A rat (D)
  A ballistomycete spore (D)
96 creatures vanquished.

Vanquished Creatures (others)
  A ballistomycete spore (D)
  A fungus (D)
2 creatures vanquished.

Grand Total: 98 creatures vanquished

Notes
Turn   | Place    | Note
-------+----------+-------------------------------------------
     0 | D        | mhtbhm the Spriggan Brigand began the quest for the Orb.
     0 | D        | Reached XP level 1. HP: 10/10 MP: 2/2
     8 | D        | Reached skill level 8 in Stealth
     8 | D        | Reached XP level 2. HP: 15/15 MP: 3/3
    23 | D        | Noticed an oklob sapling
    25 | D        | Killed an oklob sapling
    26 | D        | Reached skill level 10 in Stealth
    26 | D        | Reached XP level 3. HP: 18/18 MP: 4/4
    29 | D        | Found the amulet of invisibility {+Inv}
    55 | D        | Found an opulent altar of Gozag.
    55 | D        | Found a hazy altar of Hepliaklqana.
    55 | D        | Found a burning altar of Makhleb.
    55 | D        | Found a roughly hewn altar of Beogh.
    55 | D        | Found a sparkling altar of Nemelex Xobeh.
    55 | D        | Found a snail-covered altar of Cheibriados.
    55 | D        | Found a sacrificial altar of Ru.
    55 | D        | Found a shimmering blue altar of Sif Muna.
    55 | D        | Found a shimmering altar of Xom.
    55 | D        | Found a basalt altar of Yredelemnul.
    56 | D        | Found a viscous altar of Jiyva.
    56 | D        | Found a bloodstained altar of Trog.
    56 | D        | Found an ornate altar of the Wu Jian Council.
    56 | D        | Noticed an oklob sapling priest
    57 | D        | Found an iron altar of Okawaru.
    57 | D        | Found a shadowy altar of Dithmenos.
    57 | D        | Found a glowing silver altar of Zin.
    58 | D        | Found an ancient bone altar of Kikubaaqudgha.
    58 | D        | Found a hide-covered altar of Uskayaw.
    59 | D        | Found a stormy altar of Qazlal.
    59 | D        | Found a white marble altar of Elyvilon.
    59 | D        | Found a glowing golden altar of the Shining One.
    60 | D        | Found a corrupted altar of Lugonu.
    60 | D        | Found a radiant altar of Vehumet.
    63 | D        | Killed an oklob sapling priest
    64 | D        | Reached skill level 12 in Stealth
    64 | D        | Reached skill level 1 in Evocations
    64 | D        | Reached XP level 4. HP: 23/23 MP: 2/5
    66 | D        | Became a worshipper of Dithmenos the Shadowed
    76 | D        | Reached skill level 13 in Stealth
    76 | D        | Reached XP level 5. HP: 28/28 MP: 3/6
   275 | D        | Noticed a queen bee
   284 | D        | Killed a queen bee
   284 | D        | Reached * piety under Dithmenos
   285 | D        | Reached skill level 5 in Short Blades
   285 | D        | Reached skill level 16 in Stealth
   285 | D        | Reached XP level 6. HP: 33/33 MP: 4/7
   287 | D        | Reached skill level 17 in Stealth
   287 | D        | Reached skill level 5 in Evocations
   288 | D        | Reached ** piety under Dithmenos
   289 | D        | Reached skill level 5 in Throwing
   289 | D        | Reached XP level 7. HP: 37/37 MP: 4/8
   291 | D        | Noticed an oklob plant
   294 | D        | Killed an oklob plant
   295 | D        | Reached skill level 19 in Stealth
   446 | D        | Noticed a burning bush
   449 | D        | Killed a burning bush
   450 | D        | Reached skill level 20 in Stealth
   450 | D        | Reached XP level 8. HP: 42/42 MP: 9/9
   459 | D        | Noticed a burning bush
   459 | D        | Noticed an oklob plant
   460 | D        | Noticed a wandering mushroom
   461 | D        | Killed a burning bush
   461 | D        | Reached *** piety under Dithmenos
   466 | D        | Killed an oklob plant
   467 | D        | Reached skill level 21 in Stealth
   470 | D        | Killed a wandering mushroom
   471 | D        | Reached skill level 22 in Stealth
   482 | D        | Noticed a spriggan druid
   483 | D        | Killed a spriggan druid
   483 | D        | Reached **** piety under Dithmenos
   484 | D        | Reached skill level 5 in Fighting
   484 | D        | Reached skill level 23 in Stealth
   484 | D        | Reached XP level 9. HP: 47/47 MP: 8/10
   553 | D        | Noticed an oklob plant conjurer
   554 | D        | Killed an oklob plant conjurer
   555 | D        | Reached skill level 10 in Evocations
   677 | D        | Found Wawa's Weapon Shop.
   677 | D        | Found Himudwef's Magic Scroll Emporium.
   685 | D        | Noticed a burning bush
   685 | D        | Noticed a wandering mushroom
   686 | D        | Noticed a wandering mushroom
   687 | D        | Killed a burning bush
   688 | D        | Killed a wandering mushroom
   689 | D        | Reached skill level 24 in Stealth
   690 | D        | Killed a wandering mushroom
   690 | D        | Reached ***** piety under Dithmenos
   696 | D        | Found Reukk's Antique Armour Emporium.
   696 | D        | Found Pyzoyc's Book Shoppe.
   703 | D        | Bought a twisted cloak for 190 gold pieces
   713 | D        | Identified the cursed -3 cloak of the Cicada {Rampage rF-
                  | Int+3 Dex+3} (You bought it in a shop in the Dungeon)
   726 | D        | Bought a scroll of remove curse for 33 gold pieces
   846 | D        | Noticed an oklob plant
   846 | D        | Noticed an oklob plant summoner
   847 | D        | Noticed an oklob plant shifter
   851 | D        | Killed an oklob plant
   852 | D        | Reached XP level 10. HP: 51/51 MP: 8/11
   853 | D        | Killed an oklob plant summoner
   854 | D        | Reached skill level 25 in Stealth
   856 | D        | Killed an oklob plant shifter
  1032 | D        | Noticed a spriggan rider
  1033 | D        | Found Hebaynud's Assorted Antiques.
  1033 | D        | Found Mein's Antique Armour Emporium.
  1038 | D        | Killed a spriggan rider
  1039 | D        | Reached skill level 26 in Stealth
  1039 | D        | Reached skill level 1 in Invocations
  1241 | D        | Noticed Agnes
  1242 | D        | Found Awumir's Weapon Emporium.
  1242 | D        | Found Kydejip's Assorted Antiques.
  1243 | D        | Killed Agnes
  1244 | D        | Reached skill level 27 in Stealth
  1246 | D        | Noticed a spriggan defender
  1249 | D        | Killed a spriggan defender
  1250 | D        | Reached skill level 15 in Evocations
  1250 | D        | Reached XP level 11. HP: 48/56 MP: 3/14
  1532 | D        | Noticed a spriggan berserker
  1534 | D        | Killed a spriggan berserker
  1537 | D        | Noticed a spriggan rider
  1540 | D        | Killed a spriggan rider
  1541 | D        | Reached skill level 5 in Dodging
  2073 | D        | Noticed a ghost moth
  2074 | D        | Found Nemet's Armour Shoppe.
  2074 | D        | Found Iradun's Jewellery Boutique.
  2074 | D        | Found Ekhowk's Gadget Emporium.
  2078 | D        | Killed a ghost moth
  2079 | D        | Reached skill level 10 in Short Blades
  2079 | D        | Reached skill level 5 in Invocations
  2096 | D        | Noticed an oklob plant shifter
  2096 | D        | Noticed an oklob plant meteorologist
  2100 | D        | Killed an oklob plant meteorologist
  2100 | D        | Reached ****** piety under Dithmenos
  2108 | D        | Killed an oklob plant shifter
  2282 | D        | Noticed a spriggan rider
  2283 | D        | Killed a spriggan rider
  2507 | D        | Found Jompoh's General Store.
  2507 | D        | Found Duin's Weapon Boutique.
  2507 | D        | Found Sinwuur's General Store.
  2507 | D        | Found Beno Isol's Gadget Emporium.
  2507 | D        | Found Haceir's Gadget Shoppe.
  2508 | D        | Found Ditac's Jewellery Emporium.
  2508 | D        | Found Vugeerr's Jewellery Shop.
  2508 | D        | Found Ytegre's General Store.
  2537 | D        | Noticed an oklob plant summoner
  2538 | D        | Found Ykkaut's Assorted Antiques.
  2538 | D        | Found Noeguh's Gadget Shop.
  2539 | D        | Killed an oklob plant summoner
  2545 | D        | Noticed an oklob plant demonologist
  2545 | D        | Noticed an oklob plant annihilator
  2546 | D        | Noticed a spriggan berserker
  2547 | D        | Found the amulet of the Four Winds {rN+ Will+++ Clar}
  2547 | D        | Killed a spriggan berserker
  2548 | D        | Killed an oklob plant demonologist
  2550 | D        | Killed an oklob plant annihilator
  2719 | D        | Got a coiled bone amulet
  2731 | D        | Identified the amulet of Ril Buwn {Reflect Will+ Int+4
                  | SH+5} (You found it in the Dungeon)
  2796 | D        | Noticed an oklob plant
  2796 | D        | Noticed an oklob plant
  2796 | D        | Noticed an oklob plant
  2796 | D        | Noticed an oklob plant
  2796 | D        | Noticed an oklob plant
  2796 | D        | Noticed an oklob plant
  2797 | D        | Noticed an oklob plant
  2798 | D        | Killed an oklob plant
  2799 | D        | Reached XP level 12. HP: 62/62 MP: 15/18
  2893 | D        | Noticed a spriggan defender
  2893 | D        | Noticed a spriggan defender
  2895 | D        | Killed a spriggan defender
  2896 | D        | Killed a spriggan defender
  3336 | D        | Reached skill level 10 in Invocations
  3336 | D        | Noticed a spriggan defender
  3338 | D        | Killed a spriggan defender
  3342 | D        | Noticed the Enchantress
  3344 | D        | Killed the Enchantress
  3345 | D        | Reached XP level 13. HP: 49/69 MP: 4/22
  3868 | D        | Noticed a ghost moth
  3871 | D        | Killed a ghost moth
  4288 | D        | Noticed a spriggan defender
  4290 | D        | Noticed a spriggan defender
  4291 | D        | Killed a spriggan defender
  4292 | D        | Killed a spriggan defender
  4293 | D        | Reached skill level 1 in Armour
  4295 | D        | Got the Orb of Zot
  4366 | D        | Noticed an Orb Guardian
  4381 | D        | HP: 1/70 [Orb Guardian (23)]
  4382 | D        | Annihilated by an Orb Guardian

Illustrated notes

Levels and vault maps discovered:
D:        dungeon_sprint_fedhas [sprint_temple]

Skill      XL: |  1  2  3  4  5  6  7  8  9 10 11 12 13 |
---------------+----------------------------------------+-----
Stealth        | 8 10 12 13 16 17 20 23 24 27 | 27.0
Fighting       | 2 3 4 5 6 8 9 |  9.3
Short Blades   | 3 4 5 6 7 8 9 11 12 13 | 13.3
Throwing       | 3 4 5 6 |  6.3
Dodging        | 2 4 6 7 8 |  8.1
Evocations     | 1 4 5 7 9 11 15 20 24 25 | 25.8
Invocations    | 3 7 11 12 | 12.4
Armour         | 1 |  1.0

Action                   |  1- 3 |  4- 6 |  7- 9 | 10-12 | 13-15 || total
-------------------------+-------+-------+-------+-------+-------++-------
Melee: Dagger            |     4 |     6 |    19 |    41 |       ||    70
       Quick blade       |       |       |       |     8 |    48 ||    56
Throw: Dart              |     2 |       |       |       |     1 ||     3
Invok: Shadow Step       |       |       |     1 |    14 |     6 ||    21
 Abil: Evoke Invisibilit |     1 |     2 |     4 |     5 |     3 ||    15
Evoke: Phial of floods   |       |       |       |       |     1 ||     1
  Use: Scroll            |       |       |     2 |       |     1 ||     3
       Potion            |       |       |     1 |       |     1 ||     2
 Stab: Sleeping          |     4 |     6 |    16 |    47 |     9 ||    82
       Invisible         |       |       |       |       |     2 ||     2
       Distracted        |       |       |       |       |     1 ||     1
Dodge: Dodged            |       |       |     3 |     1 |    10 ||    14

Table legend: (Time is in decaauts)
 A = Elapsed time spent in this place.
 B = Non-inter-level travel time spent in this place.
 C = Inter-level travel time spent in this place.
 D = Time resting spent in this place.
 E = Time spent auto-exploring this place.
 F = Levels seen in this place.
 G = Mean time per level.
                   A        B        C        D        E       F      G
               +--------+--------+--------+--------+--------+-----+--------+
         Total |   3877 |   3722 |    155 |   2900 |     42 |   1 | 3877.0 |
       Dungeon |   3877 |   3722 |    155 |   2900 |     42 |   1 | 3877.0 |
               +--------+--------+--------+--------+--------+-----+--------+

Top non-repeatable levels by time:
       D: 3877 daAuts
